[Event "Szansa Chess Open 2022"]
[Site "Warsaw"]
[Date "2022.09.18"]
[Round "11.16"]
[White "Wadelek, Karol"]
[Black "Adamski, Adam"]
[Result "0-1"]
[ECO "A13"]
[WhiteElo "1943"]
[BlackElo "1886"]
[Annotator "TA"]
[PlyCount "80"]
[EventDate "2022.09.17"]
[EventCountry "POL"]
[SourceTitle "playchess.com"]
[Source "ChessBase"]
[SourceQuality "1"]
[TimeControl "900+10"]

1. c4 e6 2. Nf3 d5 3. e3 Nf6 4. Nc3 Be7 5. b3 O-O 6. d4 b6 7. cxd5 {[%emt 0:00:21] 7.Bb2 gains popularity. D37: Queen's Gambit Declined: 5 Bf4.} Bb4 8. Bd2 {[%emt 0:00:14] [#]} Bxc3 $146 ({Predecessor:} 8... exd5 9. Bd3 Re8 10. a3 Bd6 11. Nb5 Bf8 12. Qc2 c6 13. Nc3 Nbd7 14. O-O Bb7 {1-0 (39) Prizant,J (2504)-Nadeev,S (2323) Kimry 2011}) 9. Bxc3 {[%emt 0:00:02] Threatens to win with dxe6. White is slightly better.} Nxd5 10. Bd2 Ba6 11. Bxa6 Nxa6 12. e4 Nf6 13. Qe2 {[%emt 0:00:05] Hoping for e5.} Qc8 14. O-O Qb7 15. Rfe1 c5 16. Bc3 Rfd8 {[%emt 0:02:04] Against d5} (16... cxd4 $14 17. Bxd4 (17. Nxd4 Nc5 $14) 17... Nd7) 17. Rad1 (17. d5 $1 $16) 17... cxd4 $11 18. Bxd4 Nd7 19. Qb2 f6 20. Nd2 e5 21. Be3 Ndc5 {[%emt 0:00:05] White must now prevent ...Nd3.} 22. Qb1 Nd3 23. Rf1 Rd7 24. f3 Rad8 $36 {[%emt 0:00:02][%mdl 2048] Black is more active.} 25. Nc4 Nac5 26. Nb2 Nxb2 {[%emt 0:00:13] Pair of Knights!} 27. Rxd7 Qxd7 28. Qxb2 Ne6 29. Rc1 Qd3 30. Bf2 (30. Kf2 $11) 30... Nf4 $1 $17 31. Re1 {[%emt 0:01:12] [#] Inhibits Ne2+.} Qd2 (31... Rc8 $1 $19 {[%cal Rc8c2] aiming for ...Rc2.} 32. Re3 Rc2 33. Rxd3 Rxb2) 32. Qxd2 Rxd2 {[%emt 0:00:02][%mdl 4096] Endgame KRB-KRN} 33. Ra1 h5 34. Kf1 Rc2 {[%emt 0:00:05] Black has more active pieces.} 35. a4 Rb2 36. a5 {[%emt 0:00:13] [#]} Rxb3 (36... bxa5 $1 $17 37. g3 Ne6) 37. axb6 (37. Bxb6 $1 $11 {was the only way to keep the balance.} a6 38. h4) 37... axb6 38. Ra6 $2 (38. h4 $17) 38... b5 $2 (38... Rb1+ 39. Be1 Nd3) 39. g3 $2 (39. Ra1) 39... Rb1+ $19 40. Be1 Nd3 {[%emt 0:00:02] Weighted Error Value: White=0.56/Black=0.31} 0-1

[Event "Szansa Chess Open 2022"]
[Site "Warsaw"]
[Date "2022.09.18"]
[Round "11.17"]
[White "Vasynda, Oleksandr"]
[Black "Hryszkiewicz, Michal"]
[Result "0-1"]
[ECO "D00"]
[WhiteElo "1866"]
[BlackElo "1815"]
[Annotator "NA COMBH"]
[PlyCount "68"]
[EventDate "2022.09.17"]
[EventCountry "POL"]
[SourceTitle "playchess.com"]
[Source "ChessBase"]
[SourceQuality "1"]
[TimeControl "900+10"]

1. d4 d5 2. Bf4 e6 3. e3 Bd6 4. Bg3 Nf6 5. Nf3 O-O 6. Bd3 c5 7. c3 Nc6 8. Nbd2 Re8 9. Ne5 Ne7 10. f4 Nf5 11. Bf2 c4 12. Bc2 Be7 13. g4 Nd6 14. Qf3 b5 15. a3 Bb7 16. h4 a5 17. h5 Nfe4 18. g5 b4 19. g6 f5 20. gxh7+ Kxh7 21. Qg2 Nxf2 22. Qg6+ Kg8 23. h6 Bf6 24. h7+ Kh8 25. Qh5 Bxe5 26. fxe5 Nxh1 27. exd6 Ng3 28. Qh3 Qg5 29. O-O-O bxc3 30. bxc3 Qxe3 31. Kb2 Rab8 32. Nb1 Bc6+ 33. Ka2 Rb7 34. d7 Bxd7 0-1

[Event "Szansa Chess Open 2022"]
[Site "Warsaw"]
[Date "2022.09.18"]
[Round "11.18"]
[White "Goraj, Barbara"]
[Black "Urbaniak, Karol"]
[Result "1-0"]
[ECO "B38"]
[WhiteElo "2121"]
[BlackElo "1598"]
[Annotator "TA"]
[PlyCount "63"]
[EventDate "2022.09.17"]
[EventCountry "POL"]
[SourceTitle "playchess.com"]
[Source "ChessBase"]
[SourceQuality "1"]
[TimeControl "900+10"]

1. e4 c5 2. Nf3 Nc6 3. d4 cxd4 4. Nxd4 g6 5. c4 Bg7 6. Be3 Qb6 {[%emt 0:00:02][%cal Rc6d4] is now debated instead of 6...Nf6.} 7. Nb5 {[%emt 0:01:13] B38: Sicilian: Maroczy Bind with 5...Bg7 and 7...0-0.} Qa5+ 8. N1c3 a6 9. Nd4 {[%emt 0:00:08] White is slightly better.} Qb4 {[%emt 0:03:23] [#]} ({Black should try} 9... d6 $14) 10. Rb1 ({White should play} 10. a3 $1 Qa5 11. b4) 10... Nf6 $16 {[%emt 0:01:36] [#]} 11. f3 $146 ({Predecessor:} 11. a3 Qd6 12. Be2 O-O 13. O-O Nxd4 14. Bxd4 Ng4 15. Bxg4 Bxd4 16. Nd5 Be5 17. f4 {0-1 (38) Alothman,S (1558)-Muwanguzi,D (2062) Chess.com INT 2021}) 11... d6 12. Be2 O-O 13. a3 Qa5 14. O-O Nxd4 15. Bxd4 Be6 16. b4 Qc7 17. Nd5 Bxd5 18. exd5 Rfd8 19. Rc1 Qd7 20. Bb6 Re8 21. Qd2 e6 22. dxe6 $1 Qxe6 23. Rfe1 d5 24. Bf2 Rad8 25. cxd5 (25. c5 $14) 25... Rxd5 26. Qa2 {[%emt 0:00:46] aiming for Bc4.} Qd7 27. Bc4 Rde5 {[%emt 0:02:04] [#]} (27... Rd6 $1 $11) 28. Red1 $1 $36 {[%emt 0:00:30][%mdl 2048] White has strong initiative.} Qe7 29. Bc5 {[%emt 0:00:22] White is more active.} ({But not} 29. Bd4 Bh6 $14) 29... Rxc5 30. bxc5 Nd7 $2 (30... Qxc5+ $16 31. Kh1 Qe7) 31. Bxf7+ $18 Kf8 (31... Qxf7 $142 32. Qxf7+ Kxf7 33. Rxd7+ Re7) 32. Bxe8 {[%emt 0:00:07] Weighted Error Value: White=0.09 (flawless) /Black=0.43} 1-0

[Event "Szansa Chess Open 2022"]
[Site "Warsaw"]
[Date "2022.09.18"]
[Round "11.19"]
[White "Celinski, Kamil"]
[Black "Rak, Maciej"]
[Result "0-1"]
[ECO "B28"]
[WhiteElo "1959"]
[BlackElo "1866"]
[Annotator "TA"]
[PlyCount "68"]
[EventDate "2022.09.17"]
[EventCountry "POL"]
[SourceTitle "playchess.com"]
[Source "ChessBase"]
[SourceQuality "1"]
[TimeControl "900+10"]

1. e4 c5 2. Nf3 a6 3. c4 e6 4. Nc3 Qc7 5. d4 cxd4 6. Nxd4 Nf6 7. Be3 Bb4 8. f3 {[%emt 0:00:42] B41: Sicilian: Kan Variation: 5 c4.} (8. Qb3 $5 Bc5 9. f3 $14) 8... d5 (8... Bxc3+ $11 9. bxc3 O-O) 9. Qa4+ $14 ({Much worse is} 9. cxd5 Bxc3+ 10. bxc3 exd5 $11) 9... Nc6 10. cxd5 {[%emt 0:03:11] White is better.} exd5 11. Nxc6 Bxc3+ 12. bxc3 {[%emt 0:00:02] [#]} O-O $146 (12... bxc6 $14 13. exd5 O-O) ({Predecessor:} 12... bxc6 13. exd5 O-O 14. Qxc6 Qe5 15. Kf2 Bd7 16. Qc5 Rab8 17. Be2 Rfe8 18. Rab1 Rxb1 19. Rxb1 Nxd5 {0-1 (35) San Diego,J (1836)-Sebt Rasoul,S (2012) Tornelo INT 2020}) 13. e5 $18 Ne8 14. Bc5 {[%emt 0:01:02] [#] And now Ne7+ would win.} bxc6 15. Qd4 ({But not} 15. Bxf8 Kxf8 16. Qd4 g6) 15... f6 16. Bxf8 Kxf8 17. exf6 Nxf6 18. Qc5+ Kg8 19. Be2 Rb8 20. O-O Rb2 21. Rfe1 Bf5 22. Bf1 h5 23. Re7 Qf4 24. Qxc6 h4 25. Qc7 Qg5 26. Qe5 Qg6 27. c4 Rc2 28. cxd5 Bd3 {[%emt 0:00:10] Threatens to win with ...Bxf1.} 29. Qe1 h3 $2 (29... Bxf1 30. Qxf1 Nxd5) 30. Qg3 $2 (30. Qe6+ $18 Kh8 31. Qxh3+ Kg8 32. d6 Bxf1 33. Rxf1) 30... Qxg3 $11 {[%emt 0:00:08] The board is on fire.} 31. hxg3 Bxf1 32. Rxf1 $2 ({Avoid the trap} 32. Kxf1 $2 h2 33. Re2 h1=Q+ $19) (32. gxh3 $11 Bxh3 33. g4) 32... Rxg2+ 33. Kh1 {[%emt 0:00:01] [#] Hoping for Re5.} Nh5 $1 34. Rf2 Nxg3# {[%emt 0:00:03] Weighted Error Value: White=0.43/Black=0.48} 0-1

[Event "Szansa Chess Open 2022"]
[Site "Warsaw"]
[Date "2022.09.18"]
[Round "11.20"]
[White "Kaczmarska, Joanna"]
[Black "Golecki, Jan"]
[Result "1-0"]
[ECO "A04"]
[WhiteElo "1948"]
[BlackElo "2193"]
[Annotator "TA"]
[PlyCount "105"]
[EventDate "2022.09.17"]
[EventCountry "POL"]
[SourceTitle "playchess.com"]
[Source "ChessBase"]
[SourceQuality "1"]
[TimeControl "900+10"]

1. Nf3 Nc6 2. g3 e5 3. d3 d5 4. Bg2 Be6 5. O-O Qd7 6. Ng5 {[%emt 0:00:09] A07: Réti Opening: New York and Capablanca Systems.} Bg4 7. h3 Bh5 8. g4 {[%emt 0:00:59] Black is slightly better.} Bg6 {[%emt 0:00:02] [#]} 9. e4 $146 ({Predecessor:} 9. c4 Nge7 10. cxd5 Nxd5 11. Nc3 Nxc3 12. bxc3 h5 13. Qb3 Na5 14. Qd5 Qxd5 15. Bxd5 hxg4 16. hxg4 {0-1 (57) Rasulov,V (2509)-Bogdanovich,S (2570) Hamedan 2017}) 9... dxe4 10. f4 (10. Nxe4 $17 h5 11. g5) 10... exf3 (10... exd3 11. f5 f6 12. fxg6 fxg5 13. gxh7 $15) 11. Qxf3 Bc5+ 12. Be3 Bxe3+ 13. Qxe3 f6 14. Bxc6 Qxc6 15. Nc3 (15. Ne4 $142) 15... Ne7 (15... fxg5 16. Qxe5+ Ne7 17. Rae1 $17) 16. Rae1 (16. Nf3 $17) 16... O-O-O 17. Nge4 b6 18. a4 h5 {[%emt 0:01:06][%cal Bh7h5,Bh5h4][%mdl 32] White must now prevent ...hxg4.} 19. Nb5 (19. g5 $142) 19... Kb7 (19... Qxc2 20. Rc1 Qxd3 21. Rxc7+ Kb8 22. Qxd3 Rxd3 23. Ned6 Rxd6 24. Rxe7 $17) 20. g5 Nd5 (20... Qxc2 21. Rc1 Qxd3 22. Qxd3 (22. Rxc7+ Kb8 $15) 22... Rxd3 23. Rxc7+ Kb8 24. Ned6 Rxd6 25. Rxe7 $11) 21. Qg3 (21. Qf3 {was worth a try.}) 21... h4 22. Qf3 Bh5 23. Qf5 (23. Qg2 $142 a6 24. Kh2) 23... g6 24. Qf2 Nf4 25. Kh2 {[%emt 0:00:04] [#]} fxg5 ({And not} 25... f5 26. Nf6 $17) 26. Nxg5 Rhf8 {[%emt 0:00:02][%cal Of4d3] Prevents Nf7.} 27. Qd2 Rf5 28. Ne4 (28. Rxf4 $142 exf4 29. Ne6) 28... Ne6 {[%emt 0:01:10] And now ...Rxf1 would win.} 29. Rxf5 (29. Qc3) 29... gxf5 $19 30. Nf6 {[%emt 0:00:02] [#]} Ng5 $2 31. Qxg5 $15 Qxc2+ $2 (31... Bf3 $1 $15 32. c3 Rxd3 33. Rxe5 Rd1 34. Qxh4 Bh1) 32. Qg2+ $16 Qxg2+ 33. Kxg2 Bg6 (33... Bf7 $16 {keeps fighting.}) 34. Rxe5 $18 {[%emt 0:00:25] Hoping for Re7.} a6 35. Nc3 {[%emt 0:00:18] Threatens to win with Re7.} Rxd3 36. Nfd5 Rd4 $2 (36... Bf7 $16 37. Rxf5 Be6) 37. Re7 Bh5 38. Rxc7+ Kb8 39. Rc6 Rd2+ 40. Kg1 Bf3 41. Rxb6+ Ka7 42. Rd6 Rg2+ 43. Kf1 Rxb2 44. Rd7+ Kb8 45. Ne3 ({Better is} 45. Ke1 $18) 45... Rb3 (45... Rh2 $16 46. Nxf5 Rxh3) 46. Ncd5 ({Inferior is} 46. Nxf5 Rxc3 47. Rd4 Bb7 $11) (46. Rd8+ $18 Kc7 47. Rd3) 46... f4 (46... Bxd5 $14 {might be stronger.} 47. Nxd5 Rxh3) 47. Kf2 $16 Be4 $2 (47... Bxd5 $16 48. Nxd5 Rxh3 49. Nxf4 Ra3) 48. Nxf4 $18 Rb2+ 49. Ne2 Bc6 50. Rd4 Ra2 51. Rb4+ Kc7 52. Rxh4 Bxa4 $2 (52... Kd8 53. Rh6 Bxa4) 53. Nd5+ {[%emt 0:00:05] Weighted Error Value: White=0.55/Black=0.59} 1-0

[Event "Szansa Chess Open 2022"]
[Site "Warsaw"]
[Date "2022.09.18"]
[Round "11.21"]
[White "Rylski, Tadeusz"]
[Black "Krasenkova, Elena"]
[Result "0-1"]
[ECO "B00"]
[WhiteElo "1733"]
[BlackElo "2124"]
[Annotator "TA"]
[PlyCount "178"]
[EventDate "2022.09.17"]
[EventCountry "POL"]
[SourceTitle "playchess.com"]
[Source "ChessBase"]
[SourceQuality "1"]
[TimeControl "900+10"]

1. e4 d6 2. d4 c6 3. c4 g6 4. Nc3 Bg7 5. Nf3 Nf6 6. Be2 O-O 7. O-O Qc7 {[%emt 0:00:10] 7...e5 is the modern continuation.} 8. Qc2 e5 {[%emt 0:00:10] E91: King's Indian: Classical: 6 Be2, unusual replies including 6...c5 and 6...Bg4.} 9. dxe5 dxe5 10. Be3 Bg4 {[%emt 0:02:43] [#] The position is equal.} 11. Bc5 $146 ({Predecessor:} 11. Nd2 Bxe2 12. Nxe2 Nbd7 13. Rad1 Rfe8 14. h3 Nh5 15. Nf3 Nf8 16. Rd2 Ne6 17. Rfd1 Red8 {0-1 (41) Fodor,T (2002)-Dombai,I (2213) Hungary 2018}) 11... Rd8 12. Rad1 Na6 13. Ba3 Bxf3 14. Bxf3 Rd4 15. Ne2 Rxd1 16. Rxd1 Rd8 {[%emt 0:00:03] Against Bd6} 17. Nc3 Rd4 18. Ne2 (18. Rxd4 $11 {feels stronger.} exd4 19. Nb1) 18... Rd7 {[%emt 0:00:01] Black is more active.} 19. Nc1 h5 20. h3 (20. b4 {is more complex.} c5 21. b5 Qa5 22. bxa6 Rxd1+ 23. Qxd1 Qxa3 24. axb7 Qb4 25. g3) 20... c5 21. Rxd7 Qxd7 22. Qd3 Bh6 23. Qxd7 Nxd7 24. Nd3 b6 25. b4 cxb4 26. Nxb4 Nxb4 27. Bxb4 $11 {[%emt 0:00:02][%mdl 4096] Endgame KBB-KBN} Bf8 28. Bc3 f6 29. Kf1 Bc5 30. Ke2 Kf7 31. h4 Nb8 32. g4 hxg4 33. Bxg4 Ke7 34. f3 Nc6 35. Kd3 Bb4 36. Bb2 a5 37. h5 gxh5 38. Bxh5 Bc5 39. Bc3 a4 40. Bg4 Bb4 41. Bb2 a3 42. Bc1 Bc5 {[%emt 0:00:59] [#] Threatens to win with ...Nb4+.} 43. Kc3 Nd4 44. f4 Kd6 45. Bd1 Nc6 46. Kb3 Na5+ 47. Kc3 Bd4+ 48. Kd3 Bb2 49. Bd2 Nc6 {[%emt 0:00:07] Inhibits Bb4+.} 50. Ba4 Nd4 (50... exf4 $11 51. Bxc6 (51. Bxf4+ Ne5+ 52. Bxe5+ Bxe5 $11) 51... Kxc6) 51. Bb4+ Ke6 52. fxe5 ({Only move:} 52. f5+ $16 Kf7 53. Bd6) 52... Kxe5 53. c5 (53. Be1 $5 ) 53... bxc5 54. Bxc5 Ne6 55. Be3 Bd4 56. Bxd4+ Nxd4 {[%emt 0:00:01] KB-KN} 57. Bd7 Nf3 (57... Nb3 $5 58. Kc2 (58. axb3 $2 a2 $19) 58... Nd4+ 59. Kd3 Ne6 $11) 58. Ke3 Ne1 59. Ba4 Ng2+ 60. Kf3 Nf4 61. Ke3 Ne6 62. Bb3 Nc5 63. Bc2 Ne6 64. Bb3 Nd4 65. Bd1 $1 Nb5 66. Kd3 Nd6 67. Bf3 Kf4 68. Bg2 Nf7 69. Kd4 Ng5 70. Kd5 Kg3 71. Bf1 Kf2 72. Bd3 Ke3 73. Bb1 Nf3 (73... Kd2 $5) 74. Bc2 Nd4 75. Ba4 Ne2 {[%emt 0:00:09] ( -> ...Nc3+)} 76. e5 fxe5 77. Kxe5 Nc3 (77... Nc1 $5 78. Kd5 $8 Kd3 79. Bb5+ Kc3 $11) 78. Bb3 Kd3 79. Kd6 Ne2 80. Kc5 Kc3 81. Kb5 Nd4+ 82. Ka4 Kb2 83. Bc4 Nf3 84. Kb4 Ne5 85. Be2 $2 {[%emt 0:00:18][%mdl 8192] [#] This costs White the game.} (85. Bg8 $11) 85... Kxa2 {[%emt 0:00:07] Black mates.} 86. Kc3 Kb1 87. Bd1 a2 88. Bc2+ Kc1 89. Kb3 a1=Q {[%emt 0:00:03] Weighted Error Value: White=0.14 (very precise) /Black=0.11 (very precise)} 0-1

[Event "Szansa Chess Open 2022"]
[Site "Warsaw"]
[Date "2022.09.18"]
[Round "11.22"]
[White "Stefaniuk, Zbigniew"]
[Black "Lewandowski, Rafal"]
[Result "1/2-1/2"]
[ECO "B42"]
[WhiteElo "1608"]
[BlackElo "2183"]
[Annotator "TA"]
[PlyCount "61"]
[EventDate "2022.09.17"]
[EventCountry "POL"]
[SourceTitle "playchess.com"]
[Source "ChessBase"]
[SourceQuality "1"]
[TimeControl "900+10"]

1. e4 c5 2. Nf3 e6 3. d4 cxd4 4. Nxd4 a6 5. Bd3 Bc5 6. Nb3 Ba7 7. O-O Nc6 8. Qe2 $1 {[%emt 0:01:07] The main line 8.Qe2 scores better than 8.Qg4.} d6 9. Be3 Nf6 10. N1d2 {[%emt 0:04:18] B42: Sicilian: Kan Variation: 5 Bd3.} O-O 11. h3 e5 {[%emt 0:04:44] [#]} 12. c3 $146 {[%emt 0:04:05][%cal Bc2c3,Bc3c4,Bc4c5][%mdl 32] The position is equal.} ({Predecessor:} 12. Rad1 Be6 13. c4 a5 14. Nf3 Bxe3 15. fxe3 Nd7 16. a3 a4 17. Nc1 Nc5 18. Na2 Na5 19. Nd2 Nxd3 20. Qxd3 b5 21. Nc3 Nxc4 {0-1 (21) Carnicelli,V (2195)-Horvath,C (2540) Montesilvano 2015}) 12... Be6 13. Rad1 b5 14. c4 b4 ({Black should try} 14... Bxe3 15. Qxe3 Nb4) 15. c5 $11 a5 16. Bb5 Nd4 (16... Rc8 $142) 17. Bxd4 $16 ({Don't do} 17. Nxd4 $6 exd4 18. Bxd4 dxc5 $14) 17... exd4 18. Nxd4 {[%emt 0:00:08] [#] Hoping for Nc6.} Bxc5 19. Nxe6 fxe6 20. Nb3 Qb6 21. Bc4 d5 (21... Rae8 $14) 22. Nxc5 Qxc5 23. exd5 exd5 {[%emt 0:00:01] [#]} 24. Bxd5+ Nxd5 25. Qe6+ Kh8 {[%emt 0:00:08] And now ...Nf4 would win.} 26. Qxd5 Qe7 27. Rfe1 Qf6 28. Qd4 {[%emt 0:00:08] Active counter play!} Qf7 29. Qd5 ({Better is} 29. b3 $16) 29... Qf6 (29... Qxf2+ $11 {keeps the balance.} 30. Kh2 Qxb2) 30. Qd4 Qf7 $1 31. Qd5 {[%emt 0:00:17] Weighted Error Value: White=0.21 (precise) /Black=0.24 (precise)} (31. b3 $16) 1/2-1/2

[Event "Szansa Chess Open 2022"]
[Site "Warsaw"]
[Date "2022.09.18"]
[Round "11.24"]
[White "Borawski, Jakub"]
[Black "Seredyn, Dominik"]
[Result "1/2-1/2"]
[ECO "B27"]
[WhiteElo "2222"]
[BlackElo "1720"]
[Annotator "TA"]
[PlyCount "69"]
[EventDate "2022.09.17"]
[EventCountry "POL"]
[SourceTitle "playchess.com"]
[Source "ChessBase"]
[SourceQuality "1"]
[TimeControl "900+10"]

1. e4 c5 2. Nf3 g6 3. d4 cxd4 4. Nxd4 Bg7 5. Nc3 Nc6 6. Nde2 Nf6 7. g3 O-O 8. Bg2 d6 9. O-O Bd7 10. a4 a6 11. Nd5 Rb8 12. h3 b5 13. axb5 axb5 14. Bg5 {[%emt 0:00:33] B70: Sicilian Dragon: 6 g3 and 6 Be2 (without a later Be3).} Ne8 {[%emt 0:00:56] [#]} 15. Ra6 $146 ({Predecessor:} 15. Qc1 Nc7 16. Rd1 b4 17. Bh6 Qc8 18. Bxg7 Kxg7 19. b3 Nb5 20. Qb2+ e5 21. Kh2 Be6 {½-½ (51) Kovchan,A (2507)-Tukhaev,A (2517) Kharkov 2007}) 15... h6 $1 16. Be3 $132 {[%emt 0:00:30][%mdl 2048] White has counterplay} Nc7 (16... e6 $5 17. Nb6 Bc8 18. Nxc8 Qxc8 $11) 17. Nxc7 (17. Ra2 $14) 17... Qxc7 $11 18. c3 Qc8 19. Qa1 Ne5 {[%emt 0:00:29][%cal Bc6e5,Be5c4,Bc4e3][%mdl 32] Threatens to win with ...b4.} 20. Nf4 $1 Nc4 21. Nd5 Re8 22. Kh2 (22. Ra7 $11 {remains equal.}) 22... Nxe3 $17 23. Nxe3 b4 24. Rc1 bxc3 25. bxc3 Ra8 ({Black should play} 25... Qc5 $17) 26. Rxa8 $1 $11 Qxa8 27. Qxa8 Rxa8 28. e5 $1 Rc8 29. Nd5 {[%emt 0:01:04] The position is equal.} Kf8 30. exd6 exd6 31. Nb6 Rc7 32. Rd1 Bc6 33. Rxd6 Bxg2 34. Kxg2 Bxc3 35. Rd8+ {[%emt 0:00:46] Weighted Error Value: White=0.16 (very precise) /Black=0.13 (very precise)} 1/2-1/2